 Dungeon Crawl Stone Soup version 0.23.2-1-ga50397a6bc (webtiles) character file.

Game seed: 11380710155941885814

125 Kobolds4U the Skirmisher (level 4, -2/37 HPs)
             Began as a Demonspawn Berserker on Apr 23, 2019.
             Was a Believer of Trog.
             Slain by an orc
             ... wielding a +0 mace
              (6 damage)
             ... on level 3 of the Dungeon.
             The game lasted 00:03:51 (2450 turns).

Kobolds4U the Skirmisher (Demonspawn Berserker)     Turns: 2450, Time: 00:03:52

Health: -2/37      AC:  4    Str: 18    XL:     4   Next: 82%
Magic:  0/4        EV: 12    Int:  8    God:    Trog [**....]
Gold:   115        SH:  0    Dex: 13    Spells: 3/3 levels left

rFire    + . .     SeeInvis .   j - +0 rapier (protect)
rCold    . . .     Gourm    .   (no shield)
rNeg     . . .     Faith    .   b - +0 animal skin
rPois    .         Spirit   +   e - +0 helmet
rElec    .         Reflect  .   (no cloak)
rCorr    .         Harm     .   (no gloves)
MR       .....                  p - +0 pair of boots
Stlth    +.........             (no amulet)
HPRegen  0.12/turn              (no ring)
MPRegen  0.09/turn              (no ring)

@: berserk cooldown, slowed, very slow
A: fire resistance 1, magic shield
a: Berserk, Trog's Hand, Renounce Religion


You were on level 3 of the Dungeon.
You worshipped Trog.
Trog was pleased with you.
You were very hungry.

You visited 1 branch of the dungeon, and saw 3 of its levels.

You collected 115 gold pieces.

Inventory:

Hand Weapons
 a - a +0 falchion
 j - a +0 rapier of protection (weapon)
 o - a +0 hunting sling
Armour
 b - a +0 animal skin (worn)
 e - a +0 helmet (worn)
 p - a +0 pair of boots (worn)
Scrolls
 i - 3 scrolls of remove curse {unknown}
 k - a scroll of fog {unknown}
 q - a scroll of noise {unknown}
 r - a scroll of identify {unknown}
Potions
 d - a potion of agility {unknown}
 g - 2 potions of haste {unknown}
 h - a potion of experience {unknown}
 l - 2 potions of degeneration {unknown}
 m - a potion of might {unknown}
 n - a potion of brilliance {unknown}
Comestibles
 c - 4 rations


   Skills:
 + Level 4.1 Fighting
 + Level 3.8 Long Blades
 + Level 2.6 Armour
 - Level 1.7 Dodging


You had 3 spell levels left.
You didn't know any spells.
Your spell library was empty.

Dungeon Overview and Level Annotations

Branches:
Dungeon (3/15)

Altars:


Innate Abilities, Weirdness & Mutations

Your flesh is heat resistant. (rF+)
When hurt, damage is shared between your health and your magic reserves.


Message History

You bump into the rock wall.
Something hits you but does no damage.
You bump into the rock wall.
An orc wizard appears from thin air!
Reactivating autopickup.
The orc wizard hits you but does no damage.
You bump into the rock wall.
The orc hits you with a +0 mace!
You feel less confused. The orc closely misses you.
The orc priest invokes the aid of Beogh against you.
Beogh smites you!
* * * LOW HITPOINT WARNING * * *
The orc barely misses you.
The orc wizard mumbles some strange words.
The orc wizard flickers and vanishes!
Deactivating autopickup; reactivate with Ctrl-A.
The orc hits you with a +0 mace.
* * * LOW HITPOINT WARNING * * *
The orc hits you with a +0 mace.
* * * LOW HITPOINT WARNING * * *
The orc hits you with a +0 mace!
You die...

#o## #.#..#######.###.#
#.# #.#..#######.###.##
#o# ####.#..#.............
######.###
#.......#.......##..#.
.......o.#
#.##....#.#####.##..#.
########g# #.##.#.##.#
#.##..#. #o#
#.##.#.##.#####.##..#. #g#
#.##.#.##.......##..#. #o#
#....@.##.####..##..#. #.#
####o#.....<........#.
#.######.#.#######.######.
#.go.g...#.....# #.# #.
##########.###.# #.# #.
#.....# #.# #. #.###.# #.#
## #.# #.# ### ### #.#


You could see an orc.

Vanquished Creatures
  An orc wizard (D:2)
  3 adders (D:2)
  An ooze (D:2)
  2 worms (D:2)
  A dart slug (D:1)
  2 leopard geckos
  6 orcs
  2 giant cockroaches
  8 goblins
  4 hobgoblins
  2 jackals (D:1)
  A quokka (D:2)
  3 ball pythons
  A bat (D:1)
  6 frilled lizards
  6 kobolds
  8 rats
57 creatures vanquished.

Notes
Turn   | Place    | Note
-------+----------+-------------------------------------------
     0 | D:1      | Kobolds4U the Demonspawn Berserker began the quest for the
                  | Orb.
     0 | D:1      | Reached XP level 1. HP: 18/18 MP: 1/1
    46 | D:1      | Gained mutation: Your flesh is heat resistant. (rF+)
                  | [demonic ancestry]
    46 | D:1      | Reached XP level 2. HP: 23/24 MP: 2/2
   726 | D:1      | Reached ** piety under Trog
   959 | D:2      | Reached XP level 3. HP: 29/29 MP: 3/3
  1594 | D:2      | Reached skill level 4 in Fighting
  1594 | D:2      | Gained mutation: When hurt, damage is shared between your
                  | health and your magic reserves. [demonic ancestry]
  1594 | D:2      | Reached XP level 4. HP: 12/37 MP: 4/4
  2450 | D:3      | Slain by an orc

Skill      XL: |  1  2  3 |
---------------+----------+-----
Long Blades    | 3 |  3.8
Armour         | 2 |  2.6
Fighting       | 4 |  4.1
Dodging        | |  1.7

Action                   |  1- 3 |  4- 6 || total
-------------------------+-------+-------++-------
Melee: Falchion          |    90 |       ||    90
       Rapier            |    48 |    54 ||   102
Invok: Berserk           |     1 |     1 ||     2
       Trog's Hand       |       |     1 ||     1
  Eat: Chunk             |     2 |     4 ||     6
Armor: Animal skin       |    43 |    18 ||    61
Dodge: Dodged            |   115 |    32 ||   147
       Rpst.: Falchion   |    22 |       ||    22
